 Dungeon Crawl Stone Soup version 0.17-a0-1575-g9a29ec8 (webtiles) character file.

131 MikeDS the Insei (level 5, 0/30 HPs)
             Began as a Vine Stalker Monk on July 26, 2015.
             Was a Believer of Okawaru.
             Succumbed to poison (a potion of poison)
             ... on level 4 of the Dungeon.
             The game lasted 00:32:56 (2214 turns).

MikeDS the Insei (Vine Stalker Monk)                Turns: 2214, Time: 00:32:56

Health: 0/30       AC:  2    Str: 15    XL:     5   Next: 14%
Magic:  0/7        EV: 15    Int: 10    God:    Okawaru [**....]
Gold:   202        SH:  0    Dex: 16    Spells: 0 memorised, 6 levels left

rFire  . . .     SeeInvis .       - Unarmed
rCold  . . .     Clarity  .     a - +0 robe
rNeg   . . .     SustAt   .     (no shield)
rPois  .         Gourm    .     (no helmet)
rElec  .         Spirit   +     (no cloak)
rCorr  .         Warding  .     (no gloves)
rMut   .         Stasis   .     (no boots)
MR     .....                    (no amulet)
Stlth  ++........               (no ring)
                                (no ring)

@: lethally poisoned (0 -> -6), not resistant to hostile enchantments,
unstealthy
A: fangs 2, regeneration 1, magic shield, antimagic bite, no device heal 3, rot
immunity
a: Heroism, Renounce Religion


You were on level 4 of the Dungeon.
You worshipped Okawaru.
Okawaru was pleased with you.
You were not hungry.

You visited 1 branch of the dungeon, and saw 5 of its levels.

You collected 202 gold pieces.

Inventory:

Hand weapons
 n - a +1 dagger
Armour
 a - a +0 robe (worn)
Jewellery
 h - an uncursed ring of stealth {unknown}
 k - an uncursed ring of protection from fire {unknown}
 l - a cursed ring of loudness {unknown}
Scrolls
 f - 2 scrolls of fog
 j - 3 scrolls of identify
Potions
 q - a potion of might {unknown}
 r - a potion of resistance {unknown}
 s - a potion of degeneration {unknown}
Comestibles
 b - 4 bread rations
 c - a slice of pizza
 d - a meat ration
 g - 5 chunks of flesh
 i - 2 royal jellies
 m - 3 fruits
 o - 2 beef jerkies


   Skills:
 + Level 4.6 Fighting
 - Level 4.9 Short Blades
 + Level 5.5 Dodging
 + Level 2.8 Stealth
 + Level 7.2 Unarmed Combat
 - Level 1.0 Spellcasting


You had 6 spell levels left.
You didn't know any spells.

Dungeon Overview and Level Annotations

Branches:
Dungeon (5/15)
 Temple: D:4-7

Altars:
Okawaru

Annotations:
D:1 Ijyb
D:3 MordorOrchid's ghost, average OgBe
D:4 cmdexe's ghost, average HOMo


Innate Abilities, Weirdness & Mutations

You have extremely sharp teeth.
Your natural rate of healing is unusually fast.
When hurt, damage is shared between your health and your magic reserves.
Your bite disrupts and absorbs the magic of your enemies.
Potions and wands cannot restore your health.
You are immune to rotting.


Message History

Cmdexe's ghost hits you.
Read which item? (? for menu, Esc to quit)
As you read the scroll labeled HECAL RAIGG, it crumbles to dust.
It is a scroll of enchant weapon.
Enchant which weapon? (? for menu, Esc to quit)
Your +0 dagger glows red for a moment.
Cmdexe's ghost completely misses you.
Drink which item? (? for menu, Esc to quit)
It was a potion of poison.
That liquid tasted very nasty...
You are poisoned.
* * * LOW HITPOINT WARNING * * *
You feel sick. Cmdexe's ghost hits you!
* * * LOW HITPOINT WARNING * * *
You hit cmdexe's ghost.
You bite cmdexe's ghost, but do no damage.
Cmdexe's ghost is moderately damaged.
* * * LOW HITPOINT WARNING * * *
You feel sick.
You hit cmdexe's ghost.
Cmdexe's ghost is moderately damaged.
You die...

...# #########
....# #.........
....# #..........
.(..# #..........
###...#
#..........
......#
#@.........
###...####
#W.........
.........#
#..........
.##.##.#.#
#.....(....
..#.[..#
######..........
..#....#
................
.....#.#
..W.............
.###+#.#
#####..........
.......#
#.#####.#########


You could see cmdexe's ghost (inner flame).

Vanquished Creatures
  A worker ant (D:4)
  2 adders
  2 worms (D:2)
  3 giant geckos
  2 orcs
  A ball python (D:2)
  8 giant cockroaches
  3 hobgoblins (D:1)
  A quokka (D:4)
  2 bats
  5 giant newts
  6 goblins
  5 kobolds
  6 rats
47 creatures vanquished.

Notes
Turn   | Place    | Note
--------------------------------------------------------------
     0 | D:1      | MikeDS the Vine Stalker Monk began the quest for the Orb.
     0 | D:1      | Reached XP level 1. HP: 11/11 MP: 2/2
   317 | D:1      | Reached XP level 2. HP: 16/16 MP: 3/3
   505 | D:1      | Reached skill level 1 in Spellcasting
  1165 | D:2      | Found an iron altar of Okawaru.
  1181 | D:2      | Became a worshipper of Warmaster Okawaru
  1181 | D:2      | Acquired Okawaru's first power
  1255 | D:2      | Reached XP level 3. HP: 19/19 MP: 5/5
  1332 | D:2      | Reached skill level 5 in Dodging
  1332 | D:2      | Reached skill level 7 in Unarmed Combat
  1332 | D:2      | Reached XP level 4. HP: 9/26 MP: 2/6
  1533 | D:2      | Noticed Ijyb
  2052 | D:3      | Noticed MordorOrchid's ghost (average OgBe)
  2092 | D:4      | Reached XP level 5. HP: 25/30 MP: 7/7
  2195 | D:4      | Noticed cmdexe's ghost (average HOMo)
  2200 | D:5      | Entered Level 5 of the Dungeon
  2213 | D:4      | HP: 1/30 [poison (a potion of poison)]
  2214 | D:4      | Succumbed to poison (a potion of poison)

Vault maps used:
D:1:      elethiomel_arrival_infinity_welcomes_careful_drivers, serial_forest,
          infiniplex_forest_diagonal, infiniplex_forest_lined_corner,
          infiniplex_forest_end_2, infiniplex_forest_straight_4,
          infiniplex_forest_end_1, infiniplex_forest_end_2, minivault_19
D:2:      okawaru_metal_pillars_1_2, uniq_iyjb
D:3:      first_bread
D:4:      grunt_temple_overflow_open, lemuel_coloured_pillars_altar,
          minivault_14
D:5:      basic_altar, uniq_grinder

Action                   |  1- 3 |  4- 6 || total
-------------------------+-------+-------++-------
Melee: Club              |    10 |       ||    10
       Unarmed           |    43 |    71 ||   114
       Dagger            |    24 |       ||    24
Throw: Throwing net      |     1 |     1 ||     2
  Use: Potion            |     1 |     1 ||     2
       Scroll            |       |     6 ||     6
 Stab: Sleeping          |     6 |     1 ||     7
       Distracted        |       |     1 ||     1
  Eat: Meat ration       |     1 |       ||     1
